 Dungeon Crawl Stone Soup version 0.21.1-1-g345015f (webtiles) character file.

198 inc the Cutter (level 5, 1/31 HPs)
             Began as an Octopode Enchanter on Apr 23, 2018.
             Quit the game on level 4 of the Dungeon.
             The game lasted 00:06:12 (3519 turns).

inc the Cutter (Octopode Enchanter)                 Turns: 3519, Time: 00:06:13

Health: 1/31       AC:  1    Str:  7    XL:     5   Next: 76%
Magic:  8/8        EV: 13    Int: 18    God:
Gold:   68         SH:  0    Dex: 13    Spells: 7/8 levels left

rFire    . . .     SeeInvis .   a - +1 dagger
rCold    . . .     Gourm    .   (no shield)
rNeg     . . .     Faith    .   (helmet restricted)
rPois    .         Spirit   .   (no amulet)
rElec    .         Reflect  .   (no ring)
rCorr    .         Harm     .   (no ring)
MR       .....                  (no ring)
Stlth    +++.......             (no ring)
HPRegen  0.10/turn              (no ring)
MPRegen  0.11/turn              (no ring)
                                (no ring)
                                (no ring)

@: lethally poisoned (1 -> -11)
A: almost no armour, stealthy swim, amphibious, 8 rings, constrict 8, camouflage
1, gelatinous body 1
a: no special abilities


You were on level 4 of the Dungeon.
You were not hungry.

You visited 1 branch of the dungeon, and saw 4 of its levels.

You collected 68 gold pieces.

Inventory:

Hand Weapons
 a - a +1 dagger (weapon)
Jewellery
 i - an uncursed ring of protection from fire {unknown}
Scrolls
 e - 2 scrolls of remove curse {unknown}
 f - 3 scrolls of identify {unknown}
 h - a scroll of amnesia {unknown}
 j - 2 scrolls of teleportation {unknown}
Potions
 d - 6 potions of curing {unknown}
 g - a potion of agility {unknown}
 l - a potion of lignification {unknown}
 m - a potion of ambrosia {unknown}
 n - a potion of mutation {unknown}
Books
 b - a book of Maledictions

   Spells                             Type                      Level
   a - Corona                         Hexes                        1
   b - Ensorcelled Hibernation        Hexes/Ice                    2
   c - Confuse                        Hexes                        3
   d - Tukima's Dance                 Hexes                        3
   e - Dazzling Spray                 Conjuration/Hexes            3
 k - a book of Conjurations

   Spells                             Type                      Level
   a - Magic Dart                     Conjuration                  1
   b - Searing Ray                    Conjuration                  2
   c - Dazzling Spray                 Conjuration/Hexes            3
   d - Fulminant Prism                Conjuration/Hexes            4
   e - Force Lance                    Conjuration/Translocation    4
   f - Iskenderun's Mystic Blast      Conjuration                  4
Comestibles
 c - 4 rations


   Skills:
 + Level 5.5 Short Blades
 - Level 2.0 Dodging
 - Level 4.0 Stealth
 - Level 2.0 Spellcasting
 - Level 3.0 Hexes


You had 7 spell levels left.
You knew the following spells:

 Your Spells              Type           Power        Failure   Level  Hunger
a - Corona                Hex            ##.....      5%          1    #......


Dungeon Overview and Level Annotations

Branches:
Dungeon (4/15)
 Temple: D:4-7

Altars:

Annotations:
D:2 Sigmund


Innate Abilities, Weirdness & Mutations

You cannot wear most types of armour.
You are very stealthy in the water. (Stealth+)
You are amphibious.
You can wear up to eight rings at the same time.
You can use your tentacles to constrict eight enemies at once.
Your skin changes colour to match your surroundings (Stealth+).
Your rubbery body absorbs attacks. (AC +1, EV +1)


Message History

The worker ant is severely wounded.
You constrict the worker ant.
You feel sick. The worker ant closely misses you.
You hit the worker ant.
You kill the worker ant!
* * * LOW HITPOINT WARNING * * *
You feel sick.
* * * LOW HITPOINT WARNING * * *
You feel sick.
Found a scroll labeled WEAF DISITUU.
* * * LOW HITPOINT WARNING * * *
You feel sick.
* * * LOW HITPOINT WARNING * * *
You feel sick.
* * * LOW HITPOINT WARNING * * *
You feel sick.
* * * LOW HITPOINT WARNING * * *
You feel sick.
* * * LOW HITPOINT WARNING * * *
You feel sick.
Are you sure you want to abandon this character and quit the game? (Confirm with "yes".)

.. #.## #..# #.##
#..### .. #....# ...
#....# ... #....#
#'##### #
###...@###.......#
.........%.........#
...>...............#
...................#
.....###...........#
..................$#
.......[...........#
...................#
.....)......#'######


There were no monsters in sight!

Vanquished Creatures
  A bullfrog skeleton (D:3)
  2 worker ants (D:4)
  5 adders
  2 oozes
  A dart slug (D:2)
  A leopard gecko (D:3)
  4 orcs (D:4)
  9 bats
  2 giant cockroaches
  11 goblins
  5 hobgoblins
  6 jackals (D:2)
  4 kobolds (D:1)
  2 quokkas (D:2)
  A ball python (D:1)
  2 frilled lizards
  A jackal skeleton (D:3)
  6 rats
65 creatures vanquished.

Notes
Turn   | Place    | Note
-------+----------+-------------------------------------------
     0 | D:1      | inc the Octopode Enchanter began the quest for the Orb.
     0 | D:1      | Reached XP level 1. HP: 11/11 MP: 3/3
   341 | D:1      | Reached skill level 2 in Short Blades
   341 | D:1      | Reached XP level 2. HP: 17/17 MP: 5/5
   722 | D:2      | Reached XP level 3. HP: 19/21 MP: 6/6
   735 | D:2      | Reached skill level 3 in Short Blades
  1543 | D:2      | Noticed Sigmund
  1607 | D:2      | Reached XP level 4. HP: 20/27 MP: 7/7
  1764 | D:2      | Reached skill level 4 in Short Blades
  2632 | D:3      | Reached XP level 5. HP: 29/31 MP: 8/8
  2761 | D:4      | Reached skill level 5 in Short Blades
  3518 | D:4      | HP: 1/31 [poisoned by a worker ant]
  3519 | D:4      | Quit the game

Skill      XL: |  1  2  3  4  5 |
---------------+----------------+-----
Short Blades   | 2 3 4 5 |  5.5
Dodging        | |  2.0
Stealth        | |  4.0
Spellcasting   | |  2.0
Hexes          | |  3.0

Action                   |  1- 3 |  4- 6 || total
-------------------------+-------+-------++-------
Melee: Dagger            |    90 |    92 ||   182
       Constrict         |    23 |    18 ||    41
       Tentacles         |    15 |    18 ||    33
 Cast: Corona            |     1 |     1 ||     2
 Stab: Sleeping          |    12 |     4 ||    16
       Distracted        |       |     1 ||     1
  Eat: Chunk             |     2 |     6 ||     8
Armor: Skin              |     4 |     3 ||     7
Dodge: Dodged            |    51 |    41 ||    92
